 Dungeon Crawl Stone Soup version 0.29-a0-350-g7790a0e70a (webtiles) character file.

Game seed: 16041965676680167279

71457 XomXD the Thaumaturge (level 14, 0/83 HPs)
             Began as a Deep Elf Conjurer on Apr 20, 2022.
             Was an Elder of Vehumet.
             Succumbed to a naga ritualist's toxic radiance
             ... on level 2 of the Snake Pit on Apr 22, 2022.
             The game lasted 01:06:44 (27030 turns).

XomXD the Thaumaturge (Deep Elf Conjurer)          Turns: 27030, Time: 01:06:44

Health: 0/83       AC: 10    Str: 10    XL:     14   Next: 97%
Magic:  20/43      EV: 20    Int: 33    God:    Vehumet [****..]
Gold:   1267       SH:  0    Dex: 21    Spells: 18/42 levels left

rFire   + . .      SeeInvis .   L - +7 great sword of Gozag {flame, Int+4 Dex+4}
rCold   + . .      Faith    .   (shield currently unavailable)
rNeg    . . .      Spirit   .   T - +2 leather armour of Puacreadd {rF+ rC+ Str+3}
rPois   .          Reflect  .   (no helmet)
rElec   .          Harm     +   k - scarf {harm}
rCorr   +          Rampage  .   U - +1 pair of gloves {Stlth+}
Will    +....                   J - -2 pair of boots of Blue Skies {Fly MP+9 Str+3}
Stlth   ++++++....              F - amulet of the acrobat
HPRegen 0.23/turn               t - ring "Ceedghou" {rCorr AC+4 Dex+4}
MPRegen 0.28/turn               H - ring of wizardry

@: lethally poisoned (0 -> -7), flying, very slightly contaminated
A: no striking features
a: Renounce Religion


You were on level 2 of the Snake Pit.
You worshipped Vehumet.
Vehumet was greatly pleased with you.
You visited 4 branches of the dungeon, and saw 17 of its levels.
You also visited: Gauntlet.

You collected 1267 gold pieces.

Inventory:

Hand Weapons
 L - the +7 great sword of Gozag (weapon) {flame, Int+4 Dex+4}
   (You found it on level 3 of the Lair of Beasts)

   It burns those it strikes, dealing additional fire damage.
   Big, fiery blades are also staple armaments of hydra-hunters.
   Int:       It affects your intelligence (+4).
   Dex:       It affects your dexterity (+4).
Missiles
 N - 11 atropa-tipped darts
Armour
 k - a scarf of harm (worn)
 u - the +9 ring mail of the Trombone {Harm rPois rF-}
   (You found it on level 6 of the Lair of Beasts)

   rF:        It makes you vulnerable to fire.
   rPois:     It protects you from poison.
   Harm:      It increases damage dealt and taken.
 J - the -2 pair of boots of Blue Skies (worn) {Fly MP+9 Str+3}
   (You found it in a Gauntlet)

   Str:       It affects your strength (+3).
   MP:        It affects your magic capacity (+9).
   Fly:       It grants you flight.
 T - the +2 leather armour of Puacreadd (worn) {rF+ rC+ Str+3}
   (You found it on level 4 of the Lair of Beasts)

   Str:       It affects your strength (+3).
   rF:        It protects you from fire.
   rC:        It protects you from cold.
 U - a +1 pair of gloves of stealth (worn)
Magical Staves
 r - a staff of earth
 Z - a staff of poison
Jewellery
 c - an amulet of reflection
 l - a ring of fire
 o - a ring of protection from cold
 s - a ring of wizardry
 t - the ring "Ceedghou" (left hand) {rCorr AC+4 Dex+4}
   (You found it on level 6 of the Dungeon)

   [ring of protection]

   AC:        It affects your AC (+4).
   Dex:       It affects your dexterity (+4).
   rCorr:     It protects you from acid and corrosion.
 y - a +6 ring of intelligence
 B - a ring of positive energy
 E - a ring of fire
 F - an amulet of the acrobat (around neck)
 H - a ring of wizardry (right hand)
 R - a ring of resist corrosion
Wands
 C - a wand of flame (48)
 I - a wand of mindburst (11)
 K - a wand of charming (3)
 M - a wand of iceblast (8)
 S - a wand of paralysis (2)
 W - a wand of digging (9)
Scrolls
 d - 4 scrolls of amnesia
 f - 2 scrolls of enchant weapon {unknown}
 j - 2 scrolls of fear
 m - 5 scrolls of teleportation
 w - 3 scrolls of magic mapping
 z - 10 scrolls of identify
 G - 3 scrolls of fog
Potions
 a - 3 potions of cancellation
 b - 4 potions of magic
 g - 4 potions of brilliance
 h - 5 potions of might
 i - 3 potions of lignification
 n - 11 potions of curing
 p - 11 potions of ambrosia
 q - 7 potions of attraction
 v - 2 potions of heal wounds
 x - a potion of invisibility
 A - a potion of resistance
 D - a potion of mutation
 Q - a potion of haste
Miscellaneous
 e - a phantom mirror
 P - a box of beasts


   Skills:
 + Level 7.7 Fighting
 + Level 11.5 Dodging
 + Level 12.6 Stealth
 + Level 14.7 Spellcasting
 * Level 13.3 Conjurations
 - Level 10.4 Hexes
 - Level 8.6 Translocations
 * Level 10.7 Fire Magic


You had 18 spell levels left.
You knew the following spells:

 Your Spells              Type           Power      Damage    Failure   Level
a - Fire Storm            Conj/Fire      40%        8d10      78%         9
b - Searing Ray           Conj           100%       2d8       0%          2
c - Fulminant Prism       Conj/Hex       40%        3d20      1%          4
d - Iskenderun's Mystic   Conj/Tloc      77%        2d15      1%          4
e - Irradiate             Conj/Tmut      31%        3d23      1%          5

Your spell library contained the following spells:

 Spells                   Type           Power      Damage    Failure   Level
 Hailstorm                Conj/Ice       62%        3d13      1%          4
 Magic Dart               Conj           100%       1d8       0%          1
 Pain                     Necr           96%        1d8       1%          1
 Slow                     Hex            100%       N/A       1%          1
 Blink                    Tloc           100%       N/A       1%          2
 Ensorcelled Hibernation  Hex/Ice        100%       N/A       1%          2
 Passwall                 Tmut/Erth      20%        N/A       1%          2
 Sublimation of Blood     Necr           24%        N/A       1%          2
 Confusing Touch          Hex            76%        N/A       1%          3
 Dazzling Flash           Conj/Hex       100%       N/A       1%          3
 Lesser Beckoning         Tloc           69%        N/A       1%          3
 Manifold Assault         Tloc           69%        N/A       1%          5
 Swiftness                Air            24%        N/A       2%          3
 Vampiric Draining        Necr           24%        2d7       2%          3
 Silence                  Hex/Air        28%        N/A       3%          5
 Summon Forest            Summ/Tloc      26%        N/A       4%          5
 Petrify                  Tmut/Erth      24%        N/A       10%         4
 Agony                    Necr           24%        N/A       26%         5
 Excruciating Wounds      Necr           12%        N/A       26%         5
 Eringya's Noxious Bog    Tmut/Pois      12%        N/A       34%         6
 Summon Hydra             Summ           12%        N/A       100%        7
 Borgnjor's Revivificati  Necr           12%        N/A       100%        8
 Necromutation            Tmut/Necr      12%        N/A       100%        8
 Chain Lightning          Conj/Air       31%        3d41      100%        9
 Death's Door             Necr           12%        N/A       100%        9
 Shatter                  Erth           12%        3d13*     100%        9


Dungeon Overview and Level Annotations

Branches:
Dungeon (8/15)             Temple (1/1) D:6            Lair (6/6) D:8
 Shoals (0/4) Lair:3        Snake (2/4) Lair:4        Slime (0/5) Lair:6
Gauntlet (visited)

Altars:
Ashenzari
Cheibriados
Dithmenos
Elyvilon
Fedhas
Gozag
Hepliaklqana
Kikubaaqudgha
Makhleb
Nemelex Xobeh
Okawaru
Qazlal
Ru
Sif Muna
Trog
Uskayaw
Vehumet
Wu Jian
Xom
Yredelemnul
Zin
The Shining One
Jiyva

Shops:
D:8 [

Annotations:
Lair:1 exclusion: oklob plant
Lair:3 3 runed translucent doors, spaghetti's ghost, journeyman OpCj
Lair:6 1 runed translucent door, exclusion: oklob plant, jimonade's ghost, journeyman GnWz


Message History

The salamander is severely wounded.
You hear an angry hiss.
You hear a shout!
Casting: Fulminant Prism (safe; 1% risk of failure)
Confirm with . or Enter, or press ? or * to list all spells.
You erupt in a blast of force!
The mystic blast hits the salamander!
You kill the salamander!
Vehumet accepts your kill.
You feel your power returning.
You feel very sick.
Casting: Iskenderun's Mystic Blast (safe; 1% risk of failure)
Confirm with . or Enter, or press ? or * to list all spells.
You erupt in a blast of force!
The mystic blast hits the shock serpent.
The shock serpent is lightly wounded.
The shock serpent is knocked back by the mystic blast.
The shock serpent slams into the rock wall!
The shock serpent is moderately wounded.
The shock serpent's electric aura discharges, shocking you!
You feel very sick.
Casting: Iskenderun's Mystic Blast (safe; 1% risk of failure)
Confirm with . or Enter, or press ? or * to list all spells.
You erupt in a blast of force!
The mystic blast hits the shock serpent!
The shock serpent is severely wounded.
The shock serpent is knocked back by the mystic blast.
The shock serpent slams into the rock wall!
The shock serpent is almost dead.
The shock serpent's electric aura discharges, shocking you!
* * * LOW HITPOINT WARNING * * *
x2 You feel sick.
Casting: Iskenderun's Mystic Blast (safe; 1% risk of failure)
Confirm with . or Enter, or press ? or * to list all spells.
You erupt in a blast of force!
The mystic blast hits the shock serpent!
You kill the shock serpent!
Vehumet accepts your kill.
You feel your power returning.
The air sparks with electricity, shocking you!
* * * LOW HITPOINT WARNING * * *
You die...

..><...# #...# #########
..S.....# #...# #...<...#
.S......# #...### #.......#
........# #.....### #.......#
........# #.......###.......#
.........# #...#.............#
.....^...... #...###.##.........
#..>..#.......###.....###........
#.))..@.##### #........ #.....###
#######.. ###. ...###. #. .... .
#. .... .. ..#. .. ### ##. ..


There were no monsters in sight!

Vanquished Creatures
  Aizul (Snake:1)
  A minotaur (Gauntlet)
  An ice dragon (Lair:3)
  5 hydras
  5 catoblepae
  5 anacondas
  2 naga warriors (Snake:1)
  18 death yaks (Lair:6)
  3 naga sharpshooters (Snake:1)
  A shock serpent (Snake:2)
  A naga ritualist (Snake:2)
  A mana viper (Snake:2)
  An obsidian statue (Gauntlet)
  An oklob plant (Lair:3)
  2 manticores (Lair:6)
  4 salamanders
  15 elephants
  15 black mambas
  A merfolk siren (Lair:3)
  4 naga magi
  14 cane toads
  A minotaur zombie (Gauntlet)
  4 rime drakes
  17 komodo dragons
  2 polar bears (Lair:5)
  A queen bee (Lair:2)
  Prince Ribbit (Lair:3)
  17 blink frogs
  2 shadows (Gauntlet)
  58 yaks
  3 wyverns
  2 basilisks
  2 steam dragons
  Menkaure (D:7)
  6 nagas
  23 water moccasins
  A sky beast (D:5)
  An orc warrior (D:8)
  3 black bears
  6 wolves
  4 ogres
  4 centaurs
  Blork the orc (D:5)
  2 kobold brigands
  7 bullfrogs
  2 necrophages
  A scorpion (D:5)
  A gnoll sergeant (D:8)
  11 wights
  19 killer bees (Lair:2)
  2 howler monkeys
  2 electric eels (Lair:3)
  A crimson imp (D:8)
  Crazy Yiuf (D:2)
  3 jellies
  3 orc priests
  9 hounds
  3 gnoll shamans
  4 iguanas
  Natasha (twice) (D:2)
  8 hell rats
  11 orc wizards
  4 small abominations (Gauntlet)
  21 gnolls
  8 adders
  An ufetubus (D:6)
  4 dart slugs
  26 orcs
  7 ball pythons
  5 bats
  5 endoplasms
  6 giant cockroaches
  8 goblins
  4 hobgoblins
  5 jackals
  12 kobolds
  2 quokkas
  4 frilled lizards
  8 rats
  A bush (Lair:6)
  A fulminant prism (Lair:6)
485 creatures vanquished.

Vanquished Creatures (others)
  A wight (D:7)
  354 fulminant prisms
  128 fungi
  160 plants
643 creatures vanquished.

Grand Total: 1128 creatures vanquished

Notes
Turn   | Place    | Note
-------+----------+-------------------------------------------
     0 | D:1      | XomXD the Deep Elf Conjurer began the quest for the Orb.
     0 | D:1      | Reached XP level 1. HP: 10/10 MP: 6/6
   318 | D:1      | Reached XP level 2. HP: 12/15 MP: 3/8
   437 | D:1      | Learned a level 2 spell: Searing Ray
   871 | D:1      | Reached skill level 4 in Spellcasting
   914 | D:1      | Found a faded altar of an unknown god.
  1067 | D:2      | Reached skill level 5 in Conjurations
  1067 | D:2      | Reached XP level 3. HP: 14/19 MP: 3/10
  1519 | D:2      | Reached XP level 4. HP: 24/24 MP: 7/12
  1686 | D:2      | Reached skill level 5 in Spellcasting
  1833 | D:2      | Noticed Natasha
  1835 | D:2      | Killed Natasha
  2011 | D:2      | Reached XP level 5. HP: 28/28 MP: 10/14
  2176 | D:2      | Noticed Natasha
  2179 | D:2      | Killed Natasha
  2331 | D:2      | Found a runed translucent door.
  2332 | D:2      | Noticed Crazy Yiuf
  2338 | D:2      | Killed Crazy Yiuf
  2339 | D:2      | Reached skill level 6 in Spellcasting
  2370 | D:2      | Learned a level 4 spell: Fulminant Prism
  2375 | D:2      | Learned a level 4 spell: Iskenderun's Mystic Blast
  3506 | D:4      | Reached skill level 1 in Hexes
  3507 | D:4      | Reached XP level 6. HP: 32/32 MP: 9/17
  3552 | D:4      | Reached skill level 1 in Translocations
  4720 | D:5      | Entered Level 5 of the Dungeon
  4723 | D:5      | Reached XP level 7. HP: 36/36 MP: 15/19
  4755 | D:5      | Reached skill level 7 in Spellcasting
  4999 | D:5      | Noticed Blork the orc
  5194 | D:5      | Killed Blork the orc
  5303 | D:5      | Reached XP level 8. HP: 41/41 MP: 12/21
  5352 | D:5      | Reached skill level 5 in Hexes
  5434 | D:5      | Reached skill level 8 in Spellcasting
  5640 | D:5      | Found a white marble altar of Elyvilon.
  5641 | D:5      | Found an ornate altar of the Wu Jian Council.
  6230 | D:5      | Reached skill level 5 in Translocations
  6830 | D:6      | Reached skill level 9 in Spellcasting
  6830 | D:6      | Reached XP level 9. HP: 45/45 MP: 2/24
  7171 | D:6      | Found a staircase to the Ecumenical Temple.
  7181 | Temple   | Entered the Ecumenical Temple
  7488 | Temple   | Became a worshipper of Sif Muna the Loreminder
  7543 | D:6      | Identified the ring "Ceedghou" {rCorr AC+4 Dex+4}
  7899 | D:6      | Identified the +1 leather armour of the Devil's Team
                  | {Slay+5}
  7913 | D:7      | Noticed Menkaure
  7916 | D:7      | Killed Menkaure
  8395 | D:7      | Reached skill level 1 in Fighting
  9512 | D:8      | Reached skill level 5 in Stealth
  9607 | D:8      | Found Ojilu's Armour Shop.
  9643 | D:8      | Reached * piety under Sif Muna
  9710 | D:8      | Reached XP level 10. HP: 43/53 MP: 1/25
  9952 | D:8      | Found a burning altar of Makhleb.
  9974 | D:8      | Found a radiant altar of Vehumet.
 10022 | D:8      | Fell from the grace of Sif Muna
 10022 | D:8      | Became a worshipper of Vehumet
 10033 | D:8      | Found a staircase to the Lair.
 10081 | D:8      | Reached skill level 10 in Spellcasting
 10084 | D:8      | Reached skill level 5 in Dodging
 10576 | D:8      | Identified the +4 trident "Lij Cikk" {antimagic, rElec rF+}
 11056 | Lair:1   | Entered Level 1 of the Lair of Beasts
 11100 | Lair:1   | Identified the +0 ring mail "Jafydoedd" {rPois Int+2}
 11115 | Lair:1   | Noticed a cane toad
 11122 | Lair:1   | Noticed a cane toad
 11123 | Lair:1   | Killed a cane toad
 11125 | Lair:1   | Killed a cane toad
 11144 | Lair:1   | Noticed a seven-headed hydra
 11158 | Lair:1   | Killed a seven-headed hydra
 11158 | Lair:1   | Reached * piety under Vehumet
 11158 | Lair:1   | Offered knowledge of Foxfire by Vehumet.
 11677 | Lair:1   | Reached XP level 11. HP: 60/60 MP: 11/27
 11882 | Lair:1   | Reached skill level 11 in Spellcasting
 12118 | Lair:1   | Noticed an oklob plant
 12622 | Lair:2   | Reached skill level 10 in Conjurations
 12779 | Lair:2   | Found a shadowy altar of Dithmenos.
 13109 | Lair:2   | Reached ** piety under Vehumet
 13116 | Lair:2   | Offered knowledge of Poisonous Vapours by Vehumet.
 13620 | Lair:2   | Noticed a six-headed hydra
 13634 | Lair:2   | Killed a six-headed hydra
 13874 | Lair:2   | Reached skill level 10 in Hexes
 14250 | Lair:3   | Offered knowledge of Static Discharge by Vehumet.
 14251 | Lair:3   | Noticed spaghetti's ghost (journeyman OpCj)
 14471 | Lair:3   | Found a runed translucent gate.
 14472 | Lair:3   | Found a runed translucent gate.
 14473 | Lair:3   | Found a runed translucent gate.
 14479 | Lair:3   | Noticed a four-headed hydra
 14564 | Lair:3   | Noticed Prince Ribbit
 14900 | Lair:3   | Reached XP level 12. HP: 51/68 MP: 23/29
 15149 | Lair:3   | Killed Prince Ribbit
 15156 | Lair:3   | Reached skill level 12 in Spellcasting
 15464 | Lair:3   | Identified the +2 hunting sling of Uhuppiti {vorpal, Str+5}
 15473 | Lair:3   | Reached skill level 5 in Fighting
 15711 | Lair:3   | Learned a level 9 spell: Fire Storm
 15726 | Lair:3   | Found a staircase to the Shoals.
 15778 | Lair:3   | Noticed an ice dragon
 15799 | Lair:3   | Killed an ice dragon
 15800 | Lair:3   | Reached skill level 1 in Fire Magic
 16062 | Lair:3   | Identified the +7 great sword of Gozag {flame, Int+4 Dex+4}
 16171 | Lair:3   | Was forgiven by Sif Muna
 17006 | Lair:4   | Noticed a catoblepas
 17056 | Lair:4   | Reached *** piety under Vehumet
 17334 | Lair:4   | Killed a catoblepas
 17589 | Lair:4   | Noticed a seven-headed hydra
 17599 | Lair:4   | Killed a seven-headed hydra
 18101 | Lair:4   | Found a staircase to the Snake Pit.
 18108 | Lair:4   | Reached skill level 5 in Fire Magic
 18355 | Lair:4   | Offered knowledge of Flame Wave by Vehumet.
 18356 | Lair:4   | Reached skill level 10 in Stealth
 18986 | Lair:4   | Identified the +2 leather armour of Puacreadd {rF+ rC+
                  | Str+3}
 19039 | Lair:5   | Noticed a four-headed hydra
 19046 | Lair:5   | Killed a four-headed hydra
 19056 | Lair:5   | Reached XP level 13. HP: 48/74 MP: 9/31
 19151 | Lair:5   | Found a gate leading to a gauntlet.
 19159 | Gauntlet | Entered a Gauntlet
 19159 | Gauntlet | Found a transporter.
 19215 | Gauntlet | Found a transporter.
 19216 | Gauntlet | Found a transporter.
 19232 | Gauntlet | Found a transporter.
 19234 | Gauntlet | Found a transporter.
 19244 | Gauntlet | Found a transporter.
 19261 | Gauntlet | Found a transporter.
 19271 | Gauntlet | Found a transporter.
 19294 | Gauntlet | Found a transporter.
 19297 | Gauntlet | Found a transporter.
 19327 | Gauntlet | Found a transporter.
 19355 | Gauntlet | Found a transporter.
 19379 | Gauntlet | Found a transporter.
 19395 | Gauntlet | Found a transporter.
 19515 | Gauntlet | Identified the -2 pair of boots of Blue Skies {Fly MP+9
                  | Str+3}
 19647 | Gauntlet | Noticed a minotaur
 19647 | Gauntlet | Found the +3 salamander hide armour {Flames rF++ rC--}
 19657 | Gauntlet | Killed a minotaur
 19658 | Gauntlet | Reached skill level 13 in Spellcasting
 20025 | Lair:1   | Upgraded the game from 0.29-a0-341-g24ffce5b50 to
                  | 0.29-a0-350-g7790a0e70a
 20571 | Lair:5   | Reached **** piety under Vehumet
 21195 | Lair:6   | Entered Level 6 of the Lair of Beasts
 21221 | Lair:6   | HP: 3/74 [catoblepas (18)]
 21224 | Lair:6   | Offered knowledge of Lee's Rapid Deconstruction by Vehumet.
 21786 | Lair:6   | Reached skill level 10 in Dodging
 22476 | Lair:6   | Noticed jimonade's ghost (journeyman GnWz)
 22493 | Lair:6   | Found a runed translucent door.
 22547 | Lair:6   | Reached XP level 14. HP: 80/80 MP: 33/33
 22547 | Lair:6   | Reached ***** piety under Vehumet
 22579 | Lair:6   | Reached skill level 14 in Spellcasting
 22671 | Lair:6   | Offered knowledge of Hailstorm by Vehumet.
 22690 | Lair:6   | Found a viscous altar of Jiyva.
 22690 | Lair:6   | Found a staircase to the Slime Pits.
 23793 | Lair:6   | Identified the +9 ring mail of the Trombone {Harm rPois
                  | rF-}
 24344 | Lair:6   | Learned a level 5 spell: Irradiate
 24389 | Snake:1  | Entered Level 1 of the Snake Pit
 24709 | Snake:1  | Reached skill level 10 in Fire Magic
 25033 | Snake:1  | Noticed Aizul
 25045 | Snake:1  | Killed Aizul
 25054 | Snake:1  | HP: 4/82 [poisoned by Aizul (poison arrow)]
 27030 | Snake:2  | HP: 2/83 [something (3)]
 27030 | Snake:2  | Succumbed to a naga ritualist's toxic radiance

Illustrated notes

Levels and vault maps discovered:
D:1:      dpeg_arrival_tiny_f, layout_loops_ring,
          hellmonk_ecumenical_altar_inner_sanctum, minmay_misc_feat_rows
D:2:      layout_loops_ring, uniq_crazy_yiuf_cottage, uniq_natasha
D:3:      layout_basic, fountainhead, minmay_quantized
D:4:      layout_loops_cross, grunt_tough_drop
D:5:      layout_loops_ring, mainiacjoe_overflow_divided_tiny,
          uniq_blork_the_orc
D:6:      layout_basic, minmay_temple_entry_sparse_star
D:7:      layout_basic, amcnicky_mini_corridor_feature, nrook_pool_corridor,
          uniq_menkaure
D:8:      layout_cave_pools, grunt_temple_overflow_lords_of_destruction,
          due_lair_maze_entry_diamond, serial_gnoll_camp,
          gnoll_camp_mini_loothouse, gnoll_camp_mini_basic, gnoll_camp_mini_hut,
          gnoll_camp_mini_hut, gnoll_camp_mini_doghouse, serial_shops,
          nicolae_square_shop
Temple:   dpeg_five_rooms_temple
Lair:1:   minmay_lair_oklob_tunnel, layout_long_grid, serial_bayou_pond_c,
          chequers_serial_rivers_small_3, minmay_holes, serial_bayou_lake_a,
          grunt_megastairs_4
Lair:2:   layout_long_grid, special_room [special_room_bee], basic_altar,
          beast_lair_carwin_5
Lair:3:   dragon1_lemuel, layout_gridlike, minmay_shoals_entry_lonely_mermaid,
          gammafunk_ghost_split, serial_bayou_shore_a, serial_bayou_shore_b,
          grunt_megastairs_2, uniq_prince_ribbit2
Lair:4:   layout_long_grid, guppyfry_snake_entry_island,
          chequers_serial_rivers_small_b
Lair:5:   layout_loops_ring, gauntlet_entry_generic, beast_lair_carwin_3,
          serial_bayou_shore_b
Lair:6:   evilmike_catoblepas_cave, layout_loops_ring, slime_altar_1,
          hellmonk_ghost_happy_afterlife, minmay_lair_oklob_bushes
Snake:1:  layout_basic, uniq_aizul
Snake:2:  layout_rooms, nicolae_shop_overcharged_wands

Skill      XL: |  1  2  3  4  5  6  7  8  9 10 11 12 13 14 |
---------------+-------------------------------------------+-----
Spellcasting   | 4 5 6 7 9 10 11 12 13 14 | 14.7
Conjurations   | 5 6 7 8 9 10 11 12 13 | 13.3
Hexes          | 1 3 4 6 7 9 10 | 10.4
Translocations | 2 3 5 6 7 8 |  8.6
Stealth        | 3 5 6 8 10 11 12 | 12.6
Dodging        | 3 4 6 7 9 10 11 | 11.5
Fighting       | 2 3 4 5 6 7 |  7.7
Fire Magic     | 5 8 10 | 10.7

Action                   |  1- 3 |  4- 6 |  7- 9 | 10-12 | 13-15 || total
-------------------------+-------+-------+-------+-------+-------++-------
Melee: Dagger            |       |       |    10 |     5 |       ||    15
       Great sword       |       |       |       |       |     3 ||     3
 Cast: Magic Dart        |    58 |    58 |     1 |       |       ||   117
       Searing Ray       |     3 |    20 |    14 |    13 |       ||    50
       Fulminant Prism   |       |     4 |    55 |   141 |   155 ||   355
       Iskenderun's Myst |       |       |    14 |    52 |    82 ||   148
       Irradiate         |       |       |       |       |     3 ||     3
Evoke: Wand              |       |       |     5 |    10 |       ||    15
  Use: Scroll            |       |     6 |     7 |     7 |     7 ||    27
       Potion            |       |       |       |     1 |     1 ||     2
Armor: Robe              |     2 |       |       |       |       ||     2
       Leather armour    |       |     1 |     6 |    11 |    11 ||    29
Dodge: Dodged            |     5 |     3 |    16 |    28 |    33 ||    85

Table legend: (Time is in decaauts)
 A = Elapsed time spent in this place.
 B = Non-inter-level travel time spent in this place.
 C = Inter-level travel time spent in this place.
 D = Time resting spent in this place.
 E = Time spent auto-exploring this place.
 F = Levels seen in this place.
 G = Mean time per level.
                   A        B        C        D        E       F      G
               +--------+--------+--------+--------+--------+-----+--------+
         Total |  27133 |  25781 |   1352 |   9003 |  13280 |  18 | 1507.4 |
       Dungeon |  10737 |  10323 |    414 |   2737 |   6370 |   8 | 1342.1 |
        Temple |    336 |    223 |    113 |      0 |    201 |   1 |  336.0 |
          Lair |  12696 |  11995 |    701 |   5040 |   5421 |   6 | 2116.0 |
     Snake Pit |   2642 |   2518 |    124 |    890 |   1284 |   2 | 1321.0 |
      Gauntlet |    720 |    720 |      0 |    336 |      3 |   1 |  720.0 |
               +--------+--------+--------+--------+--------+-----+--------+

Top non-repeatable levels by time:
  Lair:6: 2794 daAuts
 Snake:1: 2575 daAuts
  Lair:2: 2544 daAuts
  Lair:3: 2334 daAuts
  Lair:1: 1821 daAuts
  Lair:4: 1678 daAuts
     D:8: 1606 daAuts
     D:5: 1532 daAuts
  Lair:5: 1522 daAuts
     D:4: 1512 daAuts
     D:2: 1409 daAuts
     D:6: 1408 daAuts
     D:3: 1157 daAuts
     D:7: 1068 daAuts
     D:1: 1043 daAuts
